 Dungeon Crawl Stone Soup version 0.19.1 (webtiles) character file.

382 Host24 the Ducker (level 7, 0/43 HPs)
             Began as a Kobold Assassin on Dec 24, 2016.
             Killed by divine providence
             ... invoked by an orc priest
              (13 damage)
             ... on level 3 of the Dungeon.
             The game lasted 00:07:29 (3189 turns).

Host24 the Ducker (Kobold Assassin)                 Turns: 3189, Time: 00:07:29

Health: 0/43       AC:  4    Str:  9    XL:     7   Next: 5%
Magic:  7/7        EV: 19    Int: 12    God:
Gold:   91         SH:  0    Dex: 18    Spells: 0 memorised, 6 levels left

rFire  . . .     SeeInvis .     a - +2 dagger
rCold  . . .     Gourm    .     c - +0 robe
rNeg   . . .     Faith    .     (shield restricted)
rPois  .         Spirit   .     (no helmet)
rElec  .         Reflect  .     d - +0 cloak
rCorr  .         Harm     .     q - +0 pair of gloves
MR     .....                    (no boots)
Stlth  +++.......               (no amulet)
                                (no ring)
                                (no ring)

@: no status effects
A: carnivore 3
a: no special abilities


You were on level 3 of the Dungeon.
You were completely stuffed.

You visited 1 branch of the dungeon, and saw 3 of its levels.

You collected 91 gold pieces.

Inventory:

Hand Weapons
 a - a +2 dagger (weapon)
 b - a +0 blowgun
 l - a +1 hunting sling of flaming
Missiles
 e - 5 poisoned needles
 f - 2 curare-tipped needles
 h - 103 stones (quivered)
 j - 52 arrows
 r - 11 bolts
Armour
 c - a +0 robe (worn)
 d - a +0 cloak (worn)
 q - a +0 pair of gloves (worn)
Jewellery
 i - an uncursed ring of fire
 o - an uncursed ring of fire
Scrolls
 k - a scroll of remove curse {unknown}
 m - a scroll of identify
 n - a scroll of magic mapping {unknown}
 p - a scroll of noise {unknown}
 t - a scroll of enchant armour {unknown}
Potions
 s - a potion of resistance {unknown}
 u - a potion of brilliance {unknown}
 v - a potion of degeneration {unknown}
Comestibles
 g - a meat ration
 w - a chunk of flesh


   Skills:
 - Level 4.0 Fighting
 + Level 4.0 Short Blades
 - Level 2.1 Throwing
 - Level 6.5 Dodging
 - Level 5.3 Stealth


You had 6 spell levels left.
You didn't know any spells.

Dungeon Overview and Level Annotations

Branches:
Dungeon (3/15)

Altars:
Uskayaw


Innate Abilities, Weirdness & Mutations

You are small and have problems with some larger weapons.
You are carnivorous and can eat meat at any time.


Message History

You hit the orc priest.
The orc priest is severely wounded.
The orc priest misses you. The orc closely misses you.
You completely miss the orc priest.
The orc priest is severely wounded.
The orc barely misses you. The orc wizard barely misses you.
The orc priest misses you. The orc closely misses you.
You hit the orc priest but do no damage.
The orc priest is severely wounded.
The orc completely misses you. The orc wizard misses you.
The orc priest closely misses you.
You hit the orc priest but do no damage.
The orc priest is severely wounded.
The orc misses you. The orc hits you but does no damage.
The orc priest hits you with a dagger. The orc misses you.
The orc priest mumbles some strange prayers to Beogh against you.
Pain shoots through your body!
The orc priest calls down the wrath of Beogh upon you.
Beogh smites you!
You die...

###...#.###.#..#.........#
###...#.###.#..#._..†....#
............#((#.........#
.....##.##..####.........######
..................[...........#
.....##.###...#...............#
.....##.........##............#
.##..#####......##.#.##########
.##..#..........@..............
................##.#o##.######
..##...............ooo..?....#
....................og........#
....<..........#######.....##.#
..##..####...... #.o.........
......# ##..#......o.........
......... #..#.#...o...........
##.....#. #.#..##..##.##..


You could see 2 dancing weapons, an orc priest, an orc wizard, 2 orcs and a
hobgoblin.

Vanquished Creatures
  Sigmund (D:2)
  Terence (D:2)
  Jessica (D:2)
  Natasha (thrice) (D:2)
  3 adders (D:2)
  2 worms (D:2)
  5 dart slugs
  A leopard gecko (D:1)
  An orc (D:3)
  3 giant cockroaches
  8 goblins
  8 hobgoblins
  2 jackals (D:1)
  A ball python (D:1)
  5 bats
  9 kobolds
  5 rats
59 creatures vanquished.

Notes
Turn   | Place    | Note
-------+----------+-------------------------------------------
     0 | D:1      | Host24 the Kobold Assassin began the quest for the Orb.
     0 | D:1      | Reached XP level 1. HP: 12/12 MP: 1/1
    75 | D:1      | Reached XP level 2. HP: 4/19 MP: 2/2
   743 | D:1      | Reached XP level 3. HP: 23/23 MP: 3/3
  1281 | D:2      | Noticed Natasha
  1298 | D:2      | Killed Natasha
  1298 | D:2      | Reached skill level 2 in Dodging
  1298 | D:2      | Reached XP level 4. HP: 17/29 MP: 4/4
  1515 | D:2      | Noticed Sigmund
  1647 | D:2      | Noticed Terence
  1677 | D:2      | Killed Terence
  1677 | D:2      | Reached skill level 3 in Dodging
  1860 | D:2      | Reached XP level 5. HP: 28/33 MP: 5/5
  1924 | D:2      | Killed Sigmund
  1924 | D:2      | Reached skill level 6 in Dodging
  1924 | D:2      | Reached XP level 6. HP: 37/38 MP: 6/6
  1957 | D:2      | Noticed Natasha
  1975 | D:2      | Killed Natasha
  2381 | D:2      | Noticed Natasha
  2402 | D:2      | Killed Natasha
  2588 | D:2      | Noticed Jessica
  2598 | D:2      | Killed Jessica
  2598 | D:2      | Reached XP level 7. HP: 39/43 MP: 7/7
  3046 | D:3      | Noticed a hand axe
  3047 | D:3      | Noticed a dagger
  3050 | D:3      | Found a hide-covered altar of Uskayaw.
  3189 | D:3      | Killed from afar by an orc priest

Skill      XL: |  1  2  3  4  5  6  7 |
---------------+----------------------+-----
Fighting       | 3 4 |  4.0
Dodging        | 2 3 6 |  6.5
Short Blades   | 3 4 |  4.0
Throwing       | |  2.1
Stealth        | |  5.3

Action                   |  1- 3 |  4- 6 |  7- 9 || total
-------------------------+-------+-------+-------++-------
Melee: Dagger            |   103 |    99 |    53 ||   255
 Fire: Blowgun           |     3 |    21 |       ||    24
  Use: Scroll            |       |     2 |       ||     2
 Stab: Sleeping          |     2 |     6 |     2 ||    10
  Eat: Chunk             |     9 |     5 |     2 ||    16
Armor: Robe              |    19 |     8 |     5 ||    32
Dodge: Dodged            |    78 |    58 |    41 ||   177
